 Dungeon Crawl Stone Soup version 0.30.1 (webtiles) character file.

Game seed: 8933585524274616671

28157 boopmooplesden the Protected (level 13, -2/116 HPs)
             Began as a Minotaur Fighter on July 4, 2023.
             Was a Priest of Trog.
             Slain by a death yak (17 damage)
             ... on level 1 of the Lair of Beasts.
             The game lasted 00:22:18 (12708 turns).

boopmooplesden the Protected (Minotaur Fighter)    Turns: 12708, Time: 00:22:18

Health: -2/116     AC: 25    Str: 22    XL:     13   Next: 8%
Magic:  12/12      EV:  8    Int:  5    God:    Trog [***...]
Gold:   876        SH: 14    Dex: 14    Spells: 12/12 levels left

rFire   . . .        k - +1 spear (venom)
rCold   + . .        J - +1 kite shield
rNeg    . . .        M - +3 plate armour {rC+}
rPois   .            V - +0 hat
rElec   .            m - +1 cloak {rCorr}
rCorr   +            y - +0 pair of gloves
SInv    .            D - +0 pair of boots
Will    ++...        i - amulet of regeneration Stlth
                     r - +4 ring of slaying
HPRegen 2.19/turn    (no ring)
MPRegen 0.13/turn

%: no passive effects
@: strong-willed, on berserk cooldown, regenerating, slowed, very slow
A: horns 2, retaliatory headbutt
a: Renounce Religion, Berserk, Trog's Hand


You were on level 1 of the Lair of Beasts.
You worshipped Trog.
Trog was most pleased with you.
You visited 3 branches of the dungeon, and saw 16 of its levels.
You visited 1 bazaar.
You also visited: Gauntlet.

You collected 1113 gold pieces.
You spent 237 gold pieces at shops.

Inventory:

Hand Weapons
 a - a +0 trident of freezing
 b - the +7 captain's cutlass {speed, disarm}
   (You found it on level 11 of the Dungeon)
 k - a +1 spear of venom (weapon)
 C - a +0 spear of venom
 G - a +6 halberd of venom
 I - a +1 spear of freezing
 K - a +0 halberd of flaming
 L - a +4 heavy scythe
 Q - the +7 arbalest of the Sky {freeze, rPois rCorr Dex-5}
   (You took it off a minotaur in a Gauntlet)

   Dex:       It affects your dexterity (-5).
   rPois:     It protects you from poison.
   rCorr:     It protects you from acid and corrosion.
Missiles
 P - 6 silver javelins (quivered)
 Z - a throwing net
Armour
 m - a +1 cloak of preservation (worn)
 s - a scarf of harm
 v - a +0 chain mail
 y - a +0 pair of gloves (worn)
 D - a +0 pair of boots (worn)
 J - a +1 kite shield (worn)
 M - a +3 plate armour of cold resistance (worn)
 V - a +0 hat (worn)
 X - the +0 chain mail of the Ditch-Digger {Dex+4}
   (You bought it in a shop in a bazaar)

   Dex:       It affects your dexterity (+4).
Jewellery
 i - an amulet of regeneration (around neck)
 r - a +4 ring of slaying (left hand)
 E - an amulet of faith
 N - the dreamshard necklace {*Dream Drain}
   (You took it off a minotaur in a Gauntlet)

   [amulet of nothing]

   *Dream:    It shatters if its wearer takes lethal or near-lethal damage,
   preventing the blow and releasing protective dreams that heal and fight for
   the wearer.
   Drain:     It drains your maximum health when unequipped.
 U - a ring of resist corrosion
Wands
 c - a wand of mindburst (12)
 B - a wand of paralysis (12)
 R - a wand of flame (8)
 W - a wand of roots (6)
Scrolls
 e - 3 scrolls of identify
 f - a scroll of teleportation
 g - 2 scrolls of amnesia
 h - a scroll of vulnerability
 l - 3 scrolls of fear
 t - a scroll of fog
 H - a scroll of brand weapon
 Y - a scroll of enchant armour
Potions
 d - 3 potions of might
 j - 13 potions of curing
 n - 4 potions of attraction
 o - 5 potions of mutation
 p - a potion of degeneration
 q - a potion of flight {unknown}
 u - 2 potions of resistance
 w - 2 potions of ambrosia
 x - 4 potions of brilliance
 z - 5 potions of lignification
 A - a potion of haste
 F - a potion of berserk rage {unknown}
 O - a potion of magic
Miscellaneous
 S - a box of beasts
 T - a tin of tremorstones (2/2)


   Skills:
 + Level 11.4 Fighting
 + Level 13.6 Polearms
 + Level 1.3 Throwing
 + Level 14.2 Armour
 + Level 5.1 Dodging
 + Level 2.2 Stealth
 + Level 14.0 Shields


You had 12 spell levels left.
You didn't know any spells.
Your spell library contained the following spells:

 Spells                   Type           Power      Damage    Failure   Level
 Sandblast                Erth           0%         2d4       100%        1
 Shock                    Conj/Air       0%         1d3       100%        1
 Slow                     Hex            0%         N/A       100%        1
 Passwall                 Tmut/Erth      0%         N/A       100%        2
 Sublimation of Blood     Necr           0%         N/A       100%        2
 Wereblood                Tmut           0%         N/A       100%        2
 Confusing Touch          Hex            0%         N/A       100%        3
 Inner Flame              Hex/Fire       0%         N/A       100%        3
 Stone Arrow              Conj/Erth      0%         3d7       100%        3
 Swiftness                Air            0%         N/A       100%        3
 Vampiric Draining        Necr           0%         2d6       100%        3
 Airstrike                Air            0%         2d(0-16)  100%        4
 Flame Wave               Conj/Fire      0%         2d4       100%        4
 Sticky Flame             Conj/Fire      0%         2d3       100%        4
 Summon Hydra             Summ           0%         N/A       100%        7


Dungeon Overview and Level Annotations

Branches:
Dungeon (14/15)            Temple (1/1) D:5            Lair (1/5) D:11
    Orc (0/2) D:11        Gauntlet (visited)
 Vaults: D:13-14

Altars:
Ashenzari
Cheibriados
Dithmenos
Elyvilon
Fedhas
Gozag
Hepliaklqana
Kikubaaqudgha
Makhleb
Nemelex Xobeh
Okawaru
Qazlal
Ru
Sif Muna
Trog
Uskayaw
Vehumet
Wu Jian
Xom
Yredelemnul
Zin

Shops:
D:3 !*

Annotations:
D:10 1 runed translucent door


Innate Abilities, Weirdness & Mutations

You have a pair of horns on your head.
You reflexively headbutt those who attack you in melee.


Message History

The death yak is heavily wounded.
The death yak gores you!
* * * LOW HITPOINT WARNING * * *
You hit the death yak but do no damage.
The death yak looks as sick as possible!
You headbutt the death yak, but do no damage.
The death yak is heavily wounded.
You block the death yak's attack.
You hit the death yak.
The death yak looks as sick as possible!
You headbutt the death yak.
The death yak is severely wounded.
The death yak gores you.
* * * LOW HITPOINT WARNING * * *
You hit the death yak.
The death yak looks as sick as possible!
The death yak is severely wounded.
You hit the death yak but do no damage.
The death yak is severely wounded.
The death yak gores you but does no damage.
You puncture the death yak!
The death yak looks as sick as possible!
You headbutt the death yak.
The death yak is almost dead.
The death yak gores you!
* * * LOW HITPOINT WARNING * * *
Your skin crawls.
You feel strong-willed. The death yak gores you!
* * * LOW HITPOINT WARNING * * *
The death yak gores you but does no damage.
You hit the death yak but do no damage.
The death yak looks as sick as possible!
Your headbutt misses the death yak.
The death yak is almost dead.
You hit the death yak but do no damage.
The death yak looks as sick as possible!
The death yak is almost dead.
The death yak gores you!
You die...

##..## #. #
#....# #... ..
#<..## ##....#
# ... #...#
#..>..# .#..#
#...# #....
#....# #...#
#...###.....#
#...# ##...#..#
#...#
#...Y†##$.?.#
#...# #..#@##
..... #...#
#...## ...#
#..######...#
...
##.P........##
..
#............#
.
##...###.###..#
#....# ###
....# #.#..##
##...P ##...P#
....#


You could see a death yak (extremely poisoned).

Vanquished Creatures
  A reaper (Gauntlet)
  A minotaur (Gauntlet)
  A centaur warrior (D:13)
  A boulder beetle (D:13)
  3 two-headed ogres
  2 death yaks (Lair:1)
  5 skeletal warriors (D:13)
  Lodul (D:14)
  Pikel (D:8)
  2 deep elf pyromancers (D:13)
  2 ugly things (D:13)
  3 cyclopes
  2 manticores (D:13)
  2 kobold demonologists
  3 komodo dragons
  A queen bee (Gauntlet)
  2 hellwings (Gauntlet)
  3 meliai (D:13)
  2 hornets (D:9)
  5 trolls
  2 raiju (Gauntlet)
  15 slime creatures
  A vampire (D:13)
  2 wraiths
  2 shadows
  7 yaks
  2 wyverns (D:11)
  3 steam dragons
  2 basilisks
  A warg (D:11)
  10 vampire mosquitoes
  An acid dragon (D:12)
  A black bear (D:6)
  2 ice beasts
  9 orc warriors
  A sky beast (D:8)
  9 ogres (D:14)
  3 centaurs
  A phantom (D:6)
  A lemure (D:8)
  2 kobold brigands (D:6)
  3 bullfrogs (D:8)
  A gnoll sergeant (D:10)
  2 scorpions
  9 killer bees
  5 howler monkeys (D:9)
  An electric eel (D:9)
  A crimson imp (D:4)
  2 hounds
  8 orc priests
  A gnoll bouda (D:4)
  2 sleepcaps
  2 iguanas
  2 lightning spires (Gauntlet)
  9 orc wizards
  18 gnolls
  4 adders
  2 shadow imps
  2 white imps
  An ufetubus (D:5)
  2 worms
  A dart slug (D:4)
  39 orcs
  9 endoplasms
  2 giant cockroaches (D:2)
  8 hobgoblins
  2 jackals (D:2)
  25 kobolds
  6 quokkas
  10 ball pythons
  7 bats
  9 frilled lizards
  6 goblins
  9 rats
330 creatures vanquished.

Notes
Turn   | Place    | Note
-------+----------+-------------------------------------------
     0 | D:1      | boopmooplesden the Minotaur Fighter began the quest for the
                  | Orb.
     0 | D:1      | Reached XP level 1. HP: 19/19 MP: 0/0
   163 | D:1      | Reached XP level 2. HP: 23/27 MP: 1/1
   874 | D:1      | Reached XP level 3. HP: 32/33 MP: 2/2
  1349 | D:2      | Reached XP level 4. HP: 40/40 MP: 3/3
  1377 | D:2      | Reached skill level 1 in Dodging
  1889 | D:3      | Found an ancient bone altar of Kikubaaqudgha.
  1897 | D:3      | Reached XP level 5. HP: 45/45 MP: 4/4
  2039 | D:3      | Found a radiant altar of Vehumet.
  2307 | D:3      | Found Saismefo's Distillery.
  2333 | D:3      | Found a hazy altar of Hepliaklqana.
  2387 | D:3      | Found Ejinaxtu's Assorted Antiques.
  3056 | D:4      | Reached skill level 5 in Armour
  3110 | D:4      | Reached XP level 6. HP: 46/53 MP: 5/5
  3116 | D:4      | Reached skill level 5 in Shields
  4009 | D:4      | Reached skill level 5 in Polearms
  4085 | D:5      | Entered Level 5 of the Dungeon
  4085 | D:5      | Found a staircase to the Ecumenical Temple.
  4111 | Temple   | Entered the Ecumenical Temple
  4332 | D:5      | Noticed an ice beast
  4337 | D:5      | Killed an ice beast
  4340 | D:5      | Found a hide-covered altar of Uskayaw.
  4416 | D:5      | Reached XP level 7. HP: 59/60 MP: 6/6
  4861 | D:6      | Found a burning altar of Makhleb.
  4886 | D:6      | Found a shimmering altar of Xom.
  4917 | D:6      | Reached skill level 5 in Fighting
  4995 | D:6      | Found a bloodstained altar of Trog.
  5124 | D:6      | Found a blossoming altar of Fedhas.
  5227 | D:6      | Reached skill level 1 in Stealth
  5287 | D:6      | Reached XP level 8. HP: 55/68 MP: 7/7
  5593 | D:6      | Became a worshipper of Trog the Wrathful
  6517 | D:8      | Found a stormy altar of Qazlal.
  6554 | D:8      | Reached * piety under Trog
  6574 | D:8      | Noticed Pikel
  6598 | D:8      | Killed Pikel
  6599 | D:8      | Reached XP level 9. HP: 70/78 MP: 8/8
  6794 | D:8      | Found an iron altar of Okawaru.
  6846 | D:9      | Noticed a two-headed ogre
  6853 | D:9      | Killed a two-headed ogre
  6884 | D:9      | Noticed a troll
  6896 | D:9      | Killed a troll
  6977 | D:9      | Reached skill level 10 in Polearms
  6990 | D:9      | Found a snail-covered altar of Cheibriados.
  7004 | D:9      | Reached XP level 10. HP: 74/88 MP: 9/9
  7294 | D:9      | Found a sacrificial altar of Ru.
  7724 | D:10     | Entered Level 10 of the Dungeon
  7744 | D:10     | Noticed a two-headed ogre
  7751 | D:10     | Killed a two-headed ogre
  7752 | D:10     | Reached skill level 10 in Armour
  7915 | D:10     | Reached ** piety under Trog
  8059 | D:10     | Found a shimmering blue altar of Sif Muna.
  8213 | D:10     | Found a runed translucent door.
  8227 | D:10     | Found a basalt altar of Yredelemnul.
  8743 | D:11     | Found the +7 captain's cutlass {speed, disarm}
  8808 | D:11     | Found a gate leading to a gauntlet.
  8817 | Gauntlet | Entered a Gauntlet
  8817 | Gauntlet | Found a transporter.
  8817 | Gauntlet | Found a transporter.
  8827 | Gauntlet | Found a transporter.
  8843 | Gauntlet | Found a transporter.
  8875 | Gauntlet | Noticed a reaper
  8881 | Gauntlet | Reached XP level 11. HP: 88/97 MP: 10/10
  8992 | Gauntlet | Found a transporter.
  9021 | Gauntlet | Killed a reaper
  9037 | Gauntlet | Reached skill level 10 in Shields
  9046 | Gauntlet | Found a transporter.
  9210 | Gauntlet | Found a transporter.
  9231 | Gauntlet | Identified the +1 helmet "Weaporiq" {Regen+ SInv}
  9491 | Gauntlet | Identified the +7 arbalest of the Sky {freeze, rPois rCorr
                  | Dex-5}
  9491 | Gauntlet | Noticed a minotaur
  9505 | Gauntlet | Killed a minotaur
  9546 | D:11     | Found a staircase to the Orcish Mines.
  9753 | D:11     | Found a staircase to the Lair.
 10638 | D:13     | Noticed a deep elf pyromancer
 10638 | D:13     | Noticed a centaur warrior
 10650 | D:13     | Killed a centaur warrior
 10655 | D:13     | Killed a deep elf pyromancer
 10718 | D:13     | Found a flickering gateway to a bazaar.
 10718 | D:13     | Noticed a green ugly thing
 10831 | D:13     | Killed a green ugly thing
 10851 | Bazaar   | Entered a bazaar
 10851 | Bazaar   | Found Hiratz's Antique Armour Shop.
 10899 | Bazaar   | Bought a faintly glowing chain mail for 237 gold pieces
 10899 | Bazaar   | Identified the +0 chain mail of the Ditch-Digger {Dex+4}
                  | (You bought it in a shop in a bazaar)
 10905 | Bazaar   | Found Cion's Distillery.
 10925 | Bazaar   | Found Dutufo's Antique Weapon Shop.
 11019 | D:13     | Identified the +6 sling of the Gibberer {drain, Fragile
                  | Str+4 Int+8}
 11030 | D:13     | Noticed a skeletal warrior
 11030 | D:13     | Noticed a skeletal warrior
 11031 | D:13     | Noticed a skeletal warrior
 11096 | D:12     | Noticed a two-headed ogre
 11100 | D:12     | Reached skill level 10 in Fighting
 11100 | D:12     | Reached XP level 12. HP: 65/106 MP: 11/11
 11108 | D:12     | Killed a two-headed ogre
 11640 | D:13     | Reached *** piety under Trog
 11849 | D:13     | Noticed a boulder beetle
 11871 | D:13     | Killed a boulder beetle
 12211 | D:13     | Reached skill level 5 in Dodging
 12386 | D:14     | Noticed Lodul
 12404 | D:14     | Killed Lodul
 12428 | D:14     | Reached skill level 1 in Throwing
 12428 | D:14     | Reached XP level 13. HP: 27/116 MP: 12/12
 12578 | Lair:1   | Entered Level 1 of the Lair of Beasts
 12708 | Lair:1   | Slain by a death yak

Illustrated notes

Levels and vault maps discovered:
D:1:      tarquinn_simple_flora_water_d, layout_basic, serial_bayou,
          serial_bayou_lagoon_a, serial_bayou_pond_b, serial_bayou_shore_b,
          serial_bayou_lake_a, minmay_unequal
D:2:      layout_rooms, corexii_item_surrounded_by_moat, nicolae_eternal_life,
          hex_tiny, minmay_octomino_j4
D:3:      layout_loops_corners, mainiacjoe_overflow_catwalk,
          mainiacjoe_overflow_alcove_2, general_overflow_altar, serial_shops,
          nicolae_shop_advertising_works [nicolae_subvault_shop_adworks], shop,
          serial_bayou, serial_bayou_shore_b, serial_bayou_pond_c,
          serial_bayou_pond_c, serial_bayou_shore_a, serial_bayou_pond_e,
          kennysheep_generic_room_10
D:4:      layout_layer_cave, minmay_fire_ice_demons
D:5:      layout_basic, eat_drink_and_be_merry_uskayaw,
          minmay_temple_entry_trees
D:6:      layout_basic, bloody_trog, lightli_temple_of_fire,
          mainiacjoe_overflow_large_starburst, serial_curves, eino_curves_04,
          eino_curves_01
D:7:      layout_loops_corners
D:8:      layout_basic, kennysheep_okawaru_gauntlet,
          nicolae_qazlal_general_emergency, tso_oasis_becter, uniq_pikel
D:9:      layout_basic, mainiacjoe_overflow_tiny_flanked,
          nicolae_overflow_crystal_walls
D:10:     layout_irregular_city, mainiacjoe_overflow_brackets,
          dk_yredelemnul_ordeal
D:11:     layout_basic, erik_lair_dragon, david_orc_3, gauntlet_entry_generic,
          hangedman_decor_points, roderic_serpentine_path
D:12:     layout_cave_pools
D:13:     layout_cave_pools, serial_shops, freezing_bzr, drop_trap,
          nicolae_fountain_basement
D:14:     nicolae_moon_pools, layout_small_grid, uniq_lodul
Temple:   hellmonk_temple_two_chambers
Lair:1:   hellmonk_destroyed_diamonds, layout_concentric_octagons,
          serial_bayou_shore_b

Skill      XL: |  1  2  3  4  5  6  7  8  9 10 11 12 13 |
---------------+----------------------------------------+-----
Fighting       | 4 5 6 7 9 10 11 | 11.4
Shields        | 4 5 6 7 9 12 13 14 | 14.0
Armour         | 4 5 6 8 9 10 12 14 | 14.2
Polearms       | 3 4 5 6 8 10 11 12 13 | 13.6
Dodging        | 1 2 3 4 5 |  5.1
Stealth        | 1 2 |  2.2
Throwing       | 1 |  1.3

Action                     |  1- 3 |  4- 6 |  7- 9 | 10-12 | 13-15 || total
---------------------------+-------+-------+-------+-------+-------++-------
  Melee: Trident           |    21 |       |       |       |       ||    21
         Headbutt          |    11 |    26 |    51 |   185 |    17 ||   290
         Spear             |    78 |   132 |   215 |   682 |    43 ||  1150
  Throw: Javelin           |       |       |       |     4 |       ||     4
         Throwing net      |       |       |       |     1 |       ||     1
 Invoke: Berserk           |       |       |     1 |    13 |     1 ||    15
         Trog's Hand       |       |       |       |     1 |     2 ||     3
    Use: Scroll            |       |     7 |     3 |    14 |     1 ||    25
         Potion            |       |       |       |     1 |       ||     1
   Stab: Held in net/web   |       |       |       |     1 |       ||     1
 Armour: Scale mail        |    51 |    59 |       |       |       ||   110
         Chain mail        |       |     7 |   114 |    57 |       ||   178
         Plate armour      |       |       |       |   152 |     8 ||   160
  Dodge: Dodged            |    55 |    65 |    83 |   191 |     2 ||   396
  Block: Buckler           |    33 |    36 |    52 |    15 |       ||   136
         Kite shield       |       |       |       |   312 |     7 ||   319
